Map: Kairos Junction LE

Players

shengy

  • Race: Zerg Zerg
  • League: Diamond
  • Spawn Location: 11:00

Katfish - Winner!

  • Race: Protoss Protoss
  • League: Diamond
  • Spawn Location: 5:00

VOD

Have the link to the VOD?

Description

Time

  • Played on: March 23, 2019, 2:17 p.m.
  • Length: 13:57
Show
View Real Time Build Order
Export as new Build Order

shengy Zerg 

Build Orders: Pool First 

Get SALT Encoding   

  12  0:00  Drone  
  13  0:14  Extractor  
  12  0:25  Spawning Pool  
  11  0:30  Drone  
  11  0:33  Drone  
  13  0:37  Drone  
  14  0:49  Overlord  
  14  1:12  Zergling x4  
  14  1:13  Zergling x2  
  17  1:23  Zergling x2  
  18  1:33  Metabolic Boost  
  18  1:44  Hatchery  
  17  1:49  Drone  
  18  1:57  Queen  
  20  2:02  Drone  
  21  2:09  Drone  
  21  2:13  Overlord  
  22  2:36  Hatchery  
  21  2:41  Drone  
  21  2:42  Drone  
  23  2:46  Drone  
  24  2:54  Drone  
  25  2:59  Queen  
  25  3:04  Drone  
  28  3:06  Drone  
  29  3:16  Drone  
  29  3:17  Drone  
  32  3:20  Zergling x4  
  32  3:27  Overlord  
  32  3:30  Drone  
  32  3:34  Drone  
  34  3:43  Overlord  
  34  3:48  Roach Warren  
  33  3:51  Drone x3  
  33  3:55  Drone  
  36  4:04  Drone x3  
  36  4:05  Drone x2  
  40  4:11  Drone x3  
  40  4:14  Extractor  
  42  4:18  Drone x2  
  42  4:22  Drone x2  
  46  4:25  Drone  
  46  4:29  Zergling x2  
  46  4:30  Zergling x2  
  47  4:38  Drone x3  
  50  4:46  Drone x4  
  53  4:53  Overlord  
  53  4:55  Zergling x2  
  53  4:56  Zergling x2  
  53  4:58  Lair  
  55  5:01  Extractor  
  51  5:17  Zergling x4  
  51  5:18  Queen  
  55  5:22  Spore Crawler  
  55  5:23  Spore Crawler  
  55  5:24  Overlord  
  55  5:26  Roach x6  
  65  5:29  Drone  
  65  5:33  Overlord x2  
  66  5:41  Overlord  
  65  5:49  Roach x4  
  72  5:52  Zergling x12  
  74  6:09  Roach x5  
  79  6:34  Drone x8  
  85  6:40  Queen  
  85  6:46  Overlord  
  87  6:48  Drone x2  
  87  6:51  Drone  
  87  6:52  Drone  
  91  6:58  Hydralisk Den  
  90  7:02  Overlord x2  
  90  7:13  Extractor  
  89  7:20  Overseer  
  89  7:25  Drone  
  89  7:26  Drone x3  
  91  7:37  Roach x12  
  90  7:41  Overlord x2  
  104  7:47  Zergling x2  
  104  7:48  Zergling x4  
  104  7:49  Zergling x4  
  104  7:50  Zergling x2  
  110  7:53  Hydralisk  
  112  8:05  Ravager x4  
  114  8:06  Ravager x2  
  114  8:08  Hydralisk x3  
  122  8:14  Zergling x2  
  122  8:15  Zergling x14  
  128  8:31  Hydralisk x3  
  129  8:48  Overlord x4  
  129  8:55  Hydralisk x2  
  125  8:56  Extractor  
  125  8:57  Overlord x3  
  125  8:58  Overlord  
  128  9:03  Ravager, Hatchery  
  128  9:04  Ravager  
  128  9:05  Glial Reconstitution  
  128  9:08  Muscular Augments  
  129  9:11  Queen  
  128  9:23  Hydralisk x3  
  129  9:27  Zergling x6  
  129  9:28  Zergling x10  
  135  9:40  Roach  
  135  9:41  Zergling x2  
  135  9:42  Zergling x14  
  140  9:51  Hydralisk x3  
  140  9:52  Hydralisk  
  141  9:54  Zergling x2  
  141  9:55  Zergling x4  
  144  10:07  Hydralisk x4  
  144  10:09  Zergling x4  
  154  10:20  Hydralisk x2  
  154  10:21  Hydralisk x2  
  148  10:36  Roach x6  
  148  10:42  Hydralisk x2  
  152  11:00  Zergling x2  
  152  11:01  Zergling x20  
  138  11:13  Zergling x8  
  134  11:21  Roach  
  134  11:23  Queen  
  129  11:28  Extractor, Queen  
  129  11:29  Drone  
  131  11:39  Roach x3  
  138  11:40  Roach  
  138  11:44  Roach x3  
  137  11:49  Spine Crawler  
  133  12:04  Overlord  
  133  12:06  Zergling x18  
  136  12:18  Zergling x6  
  107  12:34  Overlord  
  107  12:35  Roach x6  
  111  12:47  Zergling x2  
  111  12:48  Zergling x4, Baneling Nest  
  113  12:53  Hatchery  
  108  13:03  Drone  
  108  13:04  Drone x2  
  101  13:19  Zergling x20  
Show
View Real Time Build Order
Export as new Build Order

Katfish Protoss - Winner!

Build Orders:  

Get SALT Encoding   

  1  0:00  Probe  
  12  0:05  Probe  
  14  0:17  Pylon  
  14  0:23  Probe  
  15  0:35  Probe  
  15  0:39  Gateway  
  16  0:47  Probe  
  17  1:00  Assimilator, Probe  
  18  1:12  Probe  
  19  1:24  Probe  
  20  1:26  Cybernetics Core  
  20  1:34  Pylon  
  20  1:36  Probe  
  20  1:50  Nexus  
  20  1:53  Adept  
  20  2:07  Pylon  
  22  2:15  Adept  
  21  2:26  Pylon  
  23  2:32  Probe  
  24  2:39  Gateway  
  24  2:44  Probe  
  25  2:47  Adept  
  27  2:54  Gateway  
  27  2:58  Warp Gate  
  27  3:00  Assimilator  
  27  3:03  Probe  
  28  3:18  Adept  
  28  3:19  Probe  
  31  3:20  Probe  
  32  3:31  Gateway  
  32  3:39  Probe  
  32  3:40  Probe  
  34  3:51  Probe, Adept  
  34  3:53  Adept  
  34  3:54  Probe  
  40  4:03  Probe  
  41  4:11  Probe  
  41  4:15  Probe, Robotics Facility  
  43  4:23  Probe  
  44  4:28  Probe  
  43  4:35  Probe  
  44  4:48  Adept  
  44  4:51  Pylon  
  46  5:06  Nexus  
  46  5:08  Pylon  
  46  5:09  Probe x2, Warp Prism  
  50  5:16  Adept x2  
  54  5:26  Forge  
  54  5:27  Probe x2  
  56  5:28  Adept  
  56  5:29  Adept  
  60  5:39  Probe  
  60  5:41  Probe  
  62  5:45  Shield Battery  
  62  5:46  Shield Battery  
  60  5:51  Probe  
  60  5:53  Probe  
  60  5:56  Immortal  
  62  6:00  Robotics Facility  
  62  6:05  Stalker  
  62  6:10  Pylon  
  60  6:11  Pylon  
  60  6:18  Probe x2  
  58  6:19  Stalker x2  
  62  6:27  Probe  
  62  6:28  Photon Cannon  
  62  6:31  Adept x2  
  61  6:38  Protoss Ground Weapons Level 1  
  61  6:41  Probe x3  
  61  6:45  Assimilator, Sentry  
  66  6:47  Assimilator  
  66  6:53  Probe  
  67  6:57  Sentry x3  
  67  7:00  Immortal  
  77  7:05  Probe x2  
  79  7:11  Zealot  
  79  7:12  Probe  
  82  7:17  Probe  
  83  7:29  Stalker x3  
  89  7:39  Stalker  
  91  7:45  Gateway  
  91  7:47  Gateway  
  91  7:49  Pylon, Gateway  
  91  7:51  Pylon  
  91  8:03  Sentry  
  93  8:07  Immortal  
  93  8:10  Assimilator  
  93  8:12  Assimilator, Immortal  
  101  8:14  Twilight Council  
  101  8:25  Protoss Ground Weapons Level 2  
  95  8:28  Probe x2  
  95  8:29  Probe  
  98  8:44  Zealot  
  98  8:45  Zealot x5  
  98  8:47  Immortal  
  98  8:48  Blink  
  105  8:51  Immortal  
  109  9:12  Robotics Bay  
  109  9:13  Gateway  
  109  9:16  Gateway  
  109  9:17  Probe x2  
  109  9:19  Probe  
  109  9:20  Pylon  
  109  9:23  Immortal  
  104  9:24  Stalker x2  
  104  9:25  Pylon  
  104  9:31  Probe  
  109  9:37  Stalker  
  109  9:41  Immortal  
  111  9:49  Stalker  
  111  9:50  Stalker x2  
  111  9:52  Probe x2  
  119  9:53  Probe  
  119  9:57  Pylon  
  120  10:00  Zealot  
  120  10:01  Zealot  
  124  10:17  Zealot x2  
  124  10:18  Zealot x3  
  131  10:36  Zealot  
  131  10:41  Pylon  
  127  10:43  Pylon  
  127  10:48  Pylon  
  127  10:50  Pylon x2  
  125  10:59  Immortal x2  
  111  11:12  Charge  
  111  11:14  Zealot x3  
  111  11:15  Zealot x4  
  107  11:27  Zealot  
  107  11:31  Zealot  
  111  11:38  Disruptor x2  
  109  11:48  Stalker x4  
  109  11:51  Zealot  
  116  11:58  Zealot  
  116  12:04  Sentry x3  
  116  12:06  Probe x3  
  105  12:38  Zealot x4  
  105  12:39  Zealot x4  
  121  12:52  Disruptor  
  121  12:57  Probe x3  
  127  13:04  Templar Archives  
  103  13:28  Zealot x4  
  103  13:29  Zealot x3  
  113  13:42  Probe x3  
Tags
 
Add a new tag
Caveats
  • Supply blocks, unpowered buildings, or Contaminate may cause inaccurate times.
  • Supply counts are checked every 10 seconds.